 Dungeon Crawl Stone Soup version 0.18.1-8-gdd0e5ea (webtiles) character file.

17927 Implojin the Martial Artist (level 12, -22/102 HPs)
             Began as a Mummy Monk on May 21, 2016.
             Annihilated by a sun demon (25 damage)
             ... summoned by an orc sorcerer
             ... on level 2 of the Orcish Mines on May 22, 2016.
             The game lasted 01:24:51 (32376 turns).

Implojin the Martial Artist (Mummy Monk)           Turns: 32376, Time: 01:24:52

Health: -22/102    AC:  8    Str: 15    XL:     12   Next: 23%
Magic:  12/12      EV: 18    Int: 11    God:
Gold:   248        SH:  5    Dex: 22    Spells: 0 memorised, 11 levels left

rFire  + + .     SeeInvis .       - Unarmed
rCold  + . .     Gourm    .     (no armour)
rNeg   + + +     Faith    .     d - +0 buckler
rPois  ∞         Spirit   .     (no helmet)
rElec  +         Dismiss  .     o - +2 cloak
rCorr  .         Reflect  .     k - +2 pair of gloves
SustAt .         Harm     .     J - +0 pair of boots of Gaefyeg {rF+ Stlth+} (curse)
MR     +....                    (no amulet)
Stlth  +++.......               s - ring of Tullaig {rElec rF++ AC+1 Int+2}
                                w - +3 ring of dexterity

@: somewhat resistant to hostile enchantments, fairly stealthy
A: no food or potions, fire vulnerability, cold resistance 1, negative energy
resistance 3, torment resistance, unbreathing
a: no special abilities


You were on level 2 of the Orcish Mines.
You were not hungry.

You visited 3 branches of the dungeon, and saw 14 of its levels.
You visited 1 bazaar.
You also visited: Sewer.

You collected 1647 gold pieces.
You spent 1399 gold pieces at shops.

Inventory:

Hand Weapons
 P - a +0 dagger of distortion
Armour
 d - a +0 buckler (worn)
 k - a +2 pair of gloves (worn)
 o - a +2 cloak (worn)
 t - a +1 pair of boots
 y - a +0 shield
 D - a +0 cloak
 G - a +0 shield
 J - the cursed +0 pair of boots of Gaefyeg (worn) {rF+ Stlth+}
   (You bought it in a shop in a bazaar)

   It protects you from fire.
   It makes you more stealthy.
   It has a curse placed upon it.
 L - a +0 shield of fire resistance
Jewellery
 h - an uncursed ring of protection from magic
 i - an uncursed ring of protection from cold
 m - an uncursed ring of fire
 n - the amulet of Toedgh {RegenMP rN+ Str+4 Dex+2}
   (You found it on level 5 of the Dungeon)

   [amulet of magic regeneration]

   It increases your magic regeneration.
   It affects your strength (+4).
   It affects your dexterity (+2).
   It protects you from negative energy.
 s - the ring of Tullaig (right hand) {rElec rF++ AC+1 Int+2}
   (You bought it in a shop in a bazaar)

   [ring of protection]

   It affects your AC (+1).
   It affects your intelligence (+2).
   It greatly protects you from fire.
   It insulates you from electricity.
 w - a +3 ring of dexterity (left hand)
 B - an uncursed ring of flight
 F - an uncursed ring of ice
 K - an uncursed ring of stealth
 M - an uncursed ring of resist corrosion
Wands
 u - a wand of lightning (5/15)
 x - a wand of iceblast (6/15)
 H - a wand of iceblast (4/15)
 I - a wand of acid (9/15)
Scrolls
 c - 4 scrolls of immolation
 e - a scroll of fog
 g - 3 scrolls of recharging
 j - 6 scrolls of amnesia
 q - 7 scrolls of remove curse
 r - a scroll of noise
 v - 2 scrolls of random uselessness
 A - a scroll of silence
 C - a scroll of holy word
 N - a scroll of identify
 O - a scroll of magic mapping
Potions
 b - 2 potions of flight {unknown}
 l - 3 potions of heal wounds {unknown}
 p - 5 potions of curing {unknown}
Books
 a - a book of Flames

   Spells                             Type                      Level
   a - Flame Tongue                   Conjuration/Fire             1
   b - Throw Flame                    Conjuration/Fire             2
   c - Conjure Flame                  Conjuration/Fire             3
   d - Inner Flame                    Hexes/Fire                   3
   e - Sticky Flame                   Conjuration/Fire             4
   f - Fireball                       Conjuration/Fire             5
 z - a book of the Earth

   Spells                             Type                      Level
   a - Leda's Liquefaction            Hexes/Earth                  4
   b - Bolt of Magma                  Conjuration/Fire/Earth       5
   c - Statue Form                    Transmutation/Earth          6
   d - Iron Shot                      Conjuration/Earth            6
   e - Shatter                        Earth                        9
Comestibles
 f - 6 bread rations
 E - 18 royal jellies (quivered)


   Skills:
 - Level 12.0 Fighting
 - Level 7.2 Dodging
 - Level 1.5 Stealth
 * Level 1.5 Shields
 - Level 12.2 Unarmed Combat


You had 11 spell levels left.
You didn't know any spells.

Dungeon Overview and Level Annotations

Branches:
Dungeon (11/15)            Temple (0/1) D:4            Lair (1/8) D:10
    Orc (2/2) D:9             Elf (0/3) Orc:2

Altars:
Elyvilon
Kikubaaqudgha
Makhleb
Okawaru
Ru
Trog

Shops:
D:7 [   D:8 *   D:10 =*

Portals:
Trove: D:11 (show abyssal rune of Zot)

Annotations:
D:3 !phantom stairparked
D:7 exclusion: downstairs
D:8 !orc knight stairparked care, orc warlord stairparked CARE
D:11 exclusions: hill giant and 2 more exclusions
Lair:1 Joseph, Nergalle


Innate Abilities, Weirdness & Mutations

You do not eat or drink.
Your flesh is vulnerable to fire.
You are immune to poison.
Your flesh is cold resistant.
You are immune to negative energy.
You are immune to unholy pain and torment.
You can survive without breathing.


Message History

Deactivating autopickup; reactivate with Ctrl-A.
The sun demon closely misses you.
You hit the orc sorcerer.
The orc sorcerer is severely wounded.
The sun demon misses you. The orc sorcerer misses you.
The orc warrior completely misses you.
The sun demon hits you but does no damage.
Unknown command.
You punch the orc sorcerer!
The orc sorcerer is almost dead.
The sun demon hits you!
You are engulfed in flames.
You resist. The orc sorcerer completely misses you.
Unknown command.
You closely miss the orc sorcerer.
The orc sorcerer is almost dead.
The sun demon closely misses you. You block the orc warrior's attack.
The sun demon hits you!!
* * * LOW HITPOINT WARNING * * *
You are engulfed in flames.
You resist.
* * * LOW HITPOINT WARNING * * *
You barely miss the orc sorcerer.
The orc sorcerer is almost dead.
You block the sun demon's attack. The sun demon hits you!
* * * LOW HITPOINT WARNING * * *
You are engulfed in flames.
You resist.
* * * LOW HITPOINT WARNING * * *
The orc warrior hits you with a war axe!!
* * * LOW HITPOINT WARNING * * *
Read which item? (? for menu, Esc to quit)
Okay, then.
Enter note: welp
Enter note: waste of a good run You barely miss the orc sorcerer.
The orc sorcerer is almost dead.
You block the sun demon's attack. The orc sorcerer closely misses you.
The sun demon barely misses you.
You hit the orc sorcerer but do no damage.
The orc sorcerer is almost dead.
The orc misses you. The sun demon hits you!!
You die...

##...##...........##,,,**..,,,**,
.##.#.......#....#.#*,,,#.o,,,*,,
##........####...#.#**,....,,,,,,
...........#.##...#####....,,,,,*
....................8......,,,,,,
...#.......................,,,,,,
..###.##...#......(........_,,,,,
................33.........,,,,,,
..............).@o..8......,,,,,,
.##.#...........oo#####....,,,,,*
..#..........(......#*,....,,,,,,
......#............##,,,*..,,,*,,
.......#...(......##,,,**,,,,,**,
.....[....(..#....#,,,***,,,,,***
....[.[...........#∩,***#8...8###
.......[..........#***,.#.....#..
.....)[(............,,...........


You could see 2 sun demons, an orc sorcerer, an orc warrior and an orc.

Vanquished Creatures
  Fannar (D:9)
  A deep elf mage (Orc:2)
  An ugly thing (D:11)
  3 orc sorcerers
  A cyclops (D:11)
  3 trolls
  A queen bee (D:11)
  2 wraiths
  A wyvern (D:9)
  11 yaks
  A hungry ghost (D:7)
  A hippogriff (D:10)
  A warg (Orc:1)
  A water moccasin (D:9)
  An eye of draining (D:11)
  3 ice beasts
  A phantom (D:6)
  23 orc warriors
  4 sky beasts
  10 ogres
  9 centaurs
  A crocodile (D:10)
  3 big kobolds
  13 giant frogs
  3 gnoll sergeants
  2 scorpions
  38 killer bees
  7 jellies
  5 wights (D:7)
  A howler monkey (D:6)
  3 crimson imps
  3 centaur zombies
  2 quasits
  10 hounds
  Crazy Yiuf (D:3)
  6 centaur skeletons
  13 orc priests
  19 orc wizards
  A giant frog skeleton (D:11)
  An iguana (D:7)
  13 worker ants
  3 hound zombies
  2 hound skeletons (D:7)
  3 worker ant zombies
  18 gnolls
  14 adders
  3 river rats
  5 shadow imps
  8 oozes
  4 adder skeletons
  An adder zombie (D:8)
  5 worms
  5 dart slugs
  7 giant geckos
  72 orcs
  10 giant cockroaches
  13 goblins
  5 hobgoblins
  10 jackals
  9 quokkas
  A ball python (D:4)
  9 bats
  A giant cockroach zombie (D:5)
  A giant gecko skeleton (D:5)
  6 giant newts
  A jackal zombie (D:7)
  23 kobolds
  A quokka skeleton (D:7)
  A quokka zombie (D:9)
  15 rats
481 creatures vanquished.

Vanquished Creatures (collateral kills)
  An orc (D:9)
1 creature vanquished.

Vanquished Creatures (others)
  35 fungi (D:10)
  12 plants (D:10)
47 creatures vanquished.

Grand Total: 529 creatures vanquished

Notes
Turn   | Place    | Note
--------------------------------------------------------------
     0 | D:1      | Implojin the Mummy Monk began the quest for the Orb.
     0 | D:1      | Reached XP level 1. HP: 18/18 MP: 1/1
   449 | D:1      | Reached XP level 2. HP: 13/24 MP: 2/2
  1086 | D:1      | Reached skill level 4 in Unarmed Combat
  1317 | D:1      | Reached XP level 3. HP: 23/29 MP: 3/3
  2815 | D:1      | Reached XP level 4. HP: 11/35 MP: 4/4
  3332 | D:2      | Found an ancient bone altar of Kikubaaqudgha.
  3333 | D:2      | Found a burning altar of Makhleb.
  3335 | D:2      | Found a white marble altar of Elyvilon.
  3496 | D:2      | Reached skill level 5 in Unarmed Combat
  4040 | D:2      | Found a bloodstained altar of Trog.
  4972 | D:2      | Reached XP level 5. HP: 38/41 MP: 5/5
  5506 | D:3      | Noticed Crazy Yiuf
  6565 | D:4      | Reached skill level 6 in Unarmed Combat
  7249 | D:4      | Reached XP level 6. HP: 47/47 MP: 6/6
  7293 | D:4      | Found a staircase to the Ecumenical Temple.
  8733 | D:4      | HP: 1/47 [Crazy Yiuf/quarterstaff of chaos (16)]
  9085 | D:3      | Killed Crazy Yiuf
  9284 | D:5      | Entered Level 5 of the Dungeon
  9356 | D:4      | Reached skill level 4 in Fighting
  9880 | D:5      | Found a glowing drain.
  9903 | Sewer    | Entered a sewer
 10058 | Sewer    | Reached skill level 5 in Fighting
 10110 | Sewer    | Reached XP level 7. HP: 56/56 MP: 7/7
 10124 | Sewer    | Found a white marble altar of Elyvilon.
 10525 | D:5      | Reached skill level 6 in Fighting
 10868 | D:5      | Got a bound jade amulet
 11643 | D:5      | Reached skill level 7 in Fighting
 11746 | D:5      | Reached XP level 8. HP: 43/68 MP: 8/8
 11965 | D:5      | Reached skill level 8 in Fighting
 12553 | D:6      | Reached skill level 9 in Fighting
 13077 | D:6      | Reached skill level 7 in Unarmed Combat
 13524 | D:6      | Reached XP level 9. HP: 74/76 MP: 9/9
 13591 | D:6      | Found a sacrificial altar of Ru.
 13994 | D:7      | Found Kexirgh's Armour Shop.
 14028 | D:7      | Reached skill level 8 in Unarmed Combat
 14915 | D:7      | Identified a scroll of acquirement
 14951 | D:7      | Reached skill level 9 in Unarmed Combat
 15850 | D:8      | Found an iron altar of Okawaru.
 16072 | D:8      | Found Qimae's Assorted Antiques.
 16085 | D:8      | Bought a scroll of identify for 52 gold pieces
 16085 | D:8      | Identified the amulet of Toedgh {RegenMP rN+ Str+4 Dex+2} (You found it on level 5 of the Dungeon)
 16399 | D:9      | HP: 1/76 [yak (13)]
 16402 | D:10     | Entered Level 10 of the Dungeon
 16797 | D:10     | Found Riyji's General Store.
 16805 | D:10     | Bought a scroll of enchant armour for 90 gold pieces
 16805 | D:10     | Bought a scroll of silence for 90 gold pieces
 16865 | D:10     | Found Zufyif's Jewellery Emporium.
 16870 | D:10     | Bought a +3 ring of dexterity for 204 gold pieces
 16895 | D:10     | Reached skill level 10 in Unarmed Combat
 17260 | D:10     | Reached XP level 10. HP: 67/84 MP: 10/10
 17276 | D:10     | Reached skill level 10 in Fighting
 17999 | D:10     | Found a staircase to the Lair.
 18319 | Lair:1   | Entered Level 1 of the Lair of Beasts
 18383 | Lair:1   | Noticed Nergalle
 18431 | Lair:1   | Noticed Joseph
 19248 | D:8      | Reached skill level 11 in Fighting
 20556 | D:9      | Found a staircase to the Orcish Mines.
 20872 | D:7      | Reached skill level 12 in Fighting
 21184 | Orc:1    | Entered Level 1 of the Orcish Mines
 21184 | Orc:1    | Noticed an orc knight
 22147 | D:8      | Reached skill level 3 in Dodging
 22837 | D:10     | Reached XP level 11. HP: 95/95 MP: 11/11
 22984 | D:11     | Reached skill level 4 in Dodging
 23872 | D:11     | Reached skill level 5 in Dodging
 24029 | D:11     | Found a portal to a secret trove of treasure.
 24071 | D:11     | Noticed a hill giant
 24758 | D:11     | Reached skill level 6 in Dodging
 26216 | D:11     | Reached skill level 7 in Dodging
 26412 | D:11     | Noticed a red ugly thing
 26416 | D:11     | welp
 26422 | D:11     | Killed a red ugly thing
 26837 | D:11     | Noticed a cyan ugly thing
 27358 | Orc:1    | Noticed an orc knight
 27616 | Orc:1    | Noticed Fannar
 27912 | D:9      | Killed Fannar
 27912 | D:9      | Reached skill level 11 in Unarmed Combat
 28696 | Orc:2    | Entered Level 2 of the Orcish Mines
 29047 | Orc:2    | Found a flickering gateway to a bazaar.
 29078 | Orc:2    | Noticed an orc knight
 29095 | Bazaar   | Entered a bazaar
 29305 | Bazaar   | Found Nattiad's General Store.
 29305 | Bazaar   | Found Atutz's Jewellery Emporium.
 29327 | Bazaar   | Found Xocoim's Book Shoppe.
 29327 | Bazaar   | Found Kydwyora's Armour Emporium.
 29348 | Bazaar   | Found Awaceuwk's General Store.
 29406 | Bazaar   | Bought the ring of Tullaig {rElec rF++ AC+1 Int+2} for 348 gold pieces
 29422 | Bazaar   | Bought the cursed +0 pair of boots of Gaefyeg {rF+ Stlth+} for 219 gold pieces
 29436 | Bazaar   | Bought a +0 shield of fire resistance for 161 gold pieces
 29442 | Bazaar   | Bought an uncursed ring of resist corrosion for 180 gold pieces
 29468 | Bazaar   | Bought a scroll of identify for 20 gold pieces
 29468 | Bazaar   | Bought a scroll of magic mapping for 35 gold pieces
 29733 | Orc:2    | Found a staircase to the Elven Halls.
 30269 | Orc:1    | Reached XP level 12. HP: 56/102 MP: 12/12
 30930 | Orc:1    | Reached skill level 12 in Unarmed Combat
 31205 | Orc:2    | Noticed an orc high priest
 31573 | Orc:2    | Noticed an orc warlord
 31963 | Orc:2    | Reached skill level 1 in Shields
 32374 | Orc:2    | HP: 3/102 [orc warrior/war axe[an orc warlord] (22)]
 32375 | Orc:2    | welp
 32375 | Orc:2    | waste of a good run
 32376 | Orc:2    | Annihilated by a sun demon

Skill      XL: |  1  2  3  4  5  6  7  8  9 10 11 12 |
---------------+-------------------------------------+-----
Unarmed Combat | 4 5 6 7 10 11 12 | 12.2
Fighting       | 5 7 9 12 | 12.0
Dodging        | 3 7 |  7.2
Shields        | 1 |  1.5
Stealth        | |  1.5

Action                   |  1- 3 |  4- 6 |  7- 9 | 10-12 || total
-------------------------+-------+-------+-------+-------++-------
Melee: Unarmed           |   170 |   440 |   754 |  1327 ||  2691
       Punch             |     1 |       |       |       ||     1
  Use: Scroll            |       |     6 |    16 |     6 ||    28
 Stab: Sleeping          |     2 |     4 |     4 |     4 ||    14
       Distracted        |       |       |       |     6 ||     6
Armor: Skin              |       |    52 |   191 |   224 ||   467
Dodge: Dodged            |   120 |   196 |   353 |   847 ||  1516
Block: Buckler           |     3 |    49 |   110 |   230 ||   392

Table legend:
 A = Turns spent in this place as a percentage of turns spent in the entire game.
 B = Non-inter-level travel turns spent in this place as a percentage of non-inter-level travel turns spent in the entire game.
 C = Inter-level travel turns spent in this place as a percentage of turns spent in this place.
 D = Turns resting spent in this place as a percentage of non-inter-level travel turns spent in this place.
 E = Turns spent auto-exploring this place as a percentage of non-inter-level travel turns spent in this place.
 F = Non-inter-level travel turns spent in this place divided by the number of levels of this place that you've seen.
                   A       B       C       D       E      F
               +-------+-------+-------+-------+-------+----------------------
         Total | 100.0 | 100.0 |   0.3 |   3.5 |   3.1 | 681.1
       Dungeon |  81.1 |  81.0 |   0.4 |   3.8 |   3.8 | 802.9
          Lair |   1.0 |   1.0 |   0.0 |   1.8 |   0.0 | 112.0
  Orcish Mines |  14.8 |  14.8 |   0.0 |   2.3 |   0.2 | 809.0
        Bazaar |   1.6 |   1.7 |   0.0 |   1.1 |   0.0 | 180.0
         Sewer |   1.4 |   1.4 |   0.0 |   1.3 |   1.9 | 155.0
               +-------+-------+-------+-------+-------+----------------------

Table legend:
 A = Kills in this place as a percentage of kills in entire the game.
 B = Kills by you in this place as a percentage of kills by you in the entire game.
 C = Kills by friends in this place as a percentage of kills by friends in the entire game.
 D = Other kills in this place as a percentage of other kills in the entire game.
 E = Experience gained in this place as a percentage of experience gained in the entire game.
 F = Experience gained in this place divided by the number of levels of this place that you have seen.
                   A       B       C       D       E      F
               +-------+-------+-------+-------+-------+----------------------
         Total | 100.0 | 100.0 | 100.0 |  -nan | 100.0 | 1600.7
       Dungeon |  85.7 |  85.7 | 100.0 |  -nan |  75.5 | 1756.8
          Lair |   0.4 |   0.4 |   0.0 |  -nan |   0.7 | 178.0
  Orcish Mines |  11.6 |  11.6 |   0.0 |  -nan |  23.4 | 2992.5
         Sewer |   2.3 |   2.3 |   0.0 |  -nan |   0.5 | 123.0
               +-------+-------+-------+-------+-------+----------------------
